SA
CHICAGO TULA @ TENNESSEE SMOKIES
08/12/2037
 
TOP OF THE 1ST
Chicago Tula batting - Pitching for Tennessee Smokies : RHP Samuel Tuffley
Pitching: RHP Samuel Tuffley
Batting: RHB Marvin Clark 0-0: Ball
1-0: Ball
2-0: Called Strike
2-1: Called Strike
2-2: Strikes out swinging
Batting: RHB Xiao-yong Huang 0-0: Swinging Strike
0-1: Fly out, F9 (Flyball, 9LM, EV 98.1 MPH)
Batting: LHB Steve Whitehead 0-0: Ball
1-0: Called Strike
1-1: Ball
2-1: Ball
3-1: Foul Ball, location: 2F
3-2: Foul Ball, location: 2F
3-2: Foul Ball, location: 2F
3-2: Strikes out swinging
Top of the 1st over - 0 runs, 0 hits, 0 errors, 0 left on base; Chicago 0 - Tennessee 0
BOTTOM OF THE 1ST
Tennessee Smokies batting - Pitching for Chicago Tula : RHP Javier Ariza
Pitching: RHP Javier Ariza
Batting: LHB Warren King 0-0: Called Strike
0-1: Ball
1-1: Fly out, F7 (Flyball, 78XD, EV 93.8 MPH)
Batting: SHB Mo Meaker 0-0: Called Strike
0-1: Foul Ball, location: 2F
0-2: Fly out, F7 (Flyball, 7LM, EV 91.9 MPH)
Batting: SHB Jorge Indiano 0-0: Ball
1-0: Fly out, F8 (Flyball, 8LM, EV 75.0 MPH)
Bottom of the 1st over - 0 runs, 0 hits, 0 errors, 0 left on base; Chicago 0 - Tennessee 0
TOP OF THE 2ND
Chicago Tula batting - Pitching for Tennessee Smokies : RHP Samuel Tuffley
Batting: LHB Jarred Williamson 0-0: Ball
1-0: Foul Ball, location: 2F
1-1: Swinging Strike
1-2: Ball
2-2: Strikes out swinging
Batting: RHB Omar Krutsinger 0-0: Ball
1-0: Called Strike
1-1: Foul Ball, location: 2F
1-2: Strikes out swinging
Batting: LHB William Anderson 0-0: Swinging Strike
0-1: Foul Ball, location: 2F
0-2: Ball
1-2: Ball
2-2: Foul Ball, location: 2F
2-2: Strikes out swinging
Top of the 2nd over - 0 runs, 0 hits, 0 errors, 0 left on base; Chicago 0 - Tennessee 0
BOTTOM OF THE 2ND
Tennessee Smokies batting - Pitching for Chicago Tula : RHP Javier Ariza
Batting: LHB Carel van Putten 0-0: Ground out 1-3 (Groundball, P, EV 62.5 MPH)
Batting: RHB Joel Iyiegbuniwe 0-0: Swinging Strike
0-1: Foul Ball, location: 2F
0-2: Strikes out swinging
Batting: LHB Dan James 0-0: Ball
1-0: Ball
2-0: Foul Ball, location: 2F
2-1: Ball
3-1: Foul Ball, location: 2F
3-2: Strikes out swinging
Bottom of the 2nd over - 0 runs, 0 hits, 0 errors, 0 left on base; Chicago 0 - Tennessee 0
TOP OF THE 3RD
Chicago Tula batting - Pitching for Tennessee Smokies : RHP Samuel Tuffley
Batting: RHB Eddie Hickford 0-0: Ball
1-0: Called Strike
1-1: Fly out, F9 (Flyball, 9S, EV 82.5 MPH)
Batting: RHB Tolenka Kafengauz 0-0: Ball
1-0: Swinging Strike
1-1: Ball
2-1: Swinging Strike
2-2: Strikes out swinging
Batting: RHB Jaypee Layug 0-0: Ball
1-0: Called Strike
1-1: Ball
2-1: Foul Ball, location: 2F
2-2: Strikes out swinging
Top of the 3rd over - 0 runs, 0 hits, 0 errors, 0 left on base; Chicago 0 - Tennessee 0
BOTTOM OF THE 3RD
Tennessee Smokies batting - Pitching for Chicago Tula : RHP Javier Ariza
Batting: RHB Bernardo Rodríguez 0-0: Foul Ball, location: 2F
0-1: Foul Ball, location: 2F
0-2: Foul Ball, location: 2F
0-2: Foul Ball, location: 2F
0-2: Ball
1-2: Foul Ball, location: 2F
1-2: Ball
2-2: Foul Ball, location: 2F
2-2: Ground out 6-3 (Groundball, 6, EV 83.1 MPH)
Batting: RHB Gonzalo Quintanilla 0-0: Ball
1-0: Fly out, F6 (Popup, 4M, EV 49.4 MPH)
Batting: RHB Miguel Silva 0-0: Ball
1-0: Fly out, F9 (Flyball, 89S, EV 96.9 MPH)
Bottom of the 3rd over - 0 runs, 0 hits, 0 errors, 0 left on base; Chicago 0 - Tennessee 0
TOP OF THE 4TH
Chicago Tula batting - Pitching for Tennessee Smokies : RHP Samuel Tuffley
Batting: RHB Marvin Clark 0-0: Foul Ball, location: 2F
0-1: Swinging Strike
0-2: Foul Ball, location: 2F
0-2: Strikes out swinging
Batting: RHB Xiao-yong Huang 0-0: Foul Ball, location: 2F
0-1: Ground out 6-3 (Groundball, 6M, EV 86.2 MPH)
Batting: LHB Steve Whitehead 0-0: Ball
1-0: Ball
2-0: Ground out 5-3 (Groundball, 56S, EV 84.4 MPH)
Top of the 4th over - 0 runs, 0 hits, 0 errors, 0 left on base; Chicago 0 - Tennessee 0
BOTTOM OF THE 4TH
Tennessee Smokies batting - Pitching for Chicago Tula : RHP Javier Ariza
Batting: LHB Warren King 0-0: Swinging Strike
0-1: Bunt for hit to 13S - play at first, batter OUT! 1-3
Batting: SHB Mo Meaker 0-0: Fly out, F8 (Line Drive, 8RD, EV 90.6 MPH)
Batting: SHB Jorge Indiano 0-0: Ball
1-0: Ball
2-0: Ball
3-0: Base on Balls
Batting: LHB Carel van Putten 0-0: 2-RUN HOME RUN (Line Drive, 9LD, EV 102.5 MPH), Distance : 348 ft
Batting: RHB Joel Iyiegbuniwe 0-0: Swinging Strike
0-1: Ball
1-1: Foul Ball, location: 2F
1-2: Strikes out swinging
Bottom of the 4th over - 2 runs, 1 hit, 0 errors, 0 left on base; Chicago 0 - Tennessee 2
TOP OF THE 5TH
Chicago Tula batting - Pitching for Tennessee Smokies : RHP Samuel Tuffley
Batting: LHB Jarred Williamson 0-0: Called Strike
0-1: Foul Ball, location: 2F
0-2: Ball
1-2: Ball
2-2: Ball
3-2: Base on Balls
Batting: RHB Omar Krutsinger 0-0: Ball
1-0: Swinging Strike
1-1: Foul Ball, location: 2F
1-2: Ball
2-2: Ball
3-2: Base on Balls
Jarred Williamson to second
Batting: LHB William Anderson 0-0: Called Strike
0-1: Called Strike
0-2: Ball
1-2: Strikes out looking
Batting: RHB Eddie Hickford 0-0: Fielders Choice at 2nd, 3-6 (Groundball, 34, EV 98.8 MPH)
Jarred Williamson to third
Batting: RHB Tolenka Kafengauz 0-0: Called Strike
0-1: Ball
1-1: Ball
2-1: Ball
3-1: Foul Ball, location: 2F
3-2: Base on Balls
Eddie Hickford to second
Batting: RHB Jaypee Layug 0-0: Ball
1-0: Foul Ball, location: 2F
1-1: Foul Ball, location: 2F
1-2: Foul Ball, location: 2F
1-2: Fly out, F9 (Flyball, 9S, EV 86.9 MPH)
Top of the 5th over - 0 runs, 0 hits, 0 errors, 3 left on base; Chicago 0 - Tennessee 2
BOTTOM OF THE 5TH
Tennessee Smokies batting - Pitching for Chicago Tula : RHP Javier Ariza
Batting: LHB Dan James 0-0: Ball
1-0: Swinging Strike
1-1: Ground out 4-3 (Groundball, 4, EV 83.1 MPH)
Batting: RHB Bernardo Rodríguez 0-0: Ball
1-0: Swinging Strike
1-1: Foul Ball, location: 2F
1-2: Strikes out looking
Batting: RHB Gonzalo Quintanilla 0-0: Ball
1-0: Ball
2-0: Ball
3-0: Base on Balls
Batting: RHB Miguel Silva 0-0: Ball
1-0: Foul Ball, location: 2F
1-1: Reached via error on a dropped throw from 2B, E3 (Groundball, 34, EV 102.5 MPH)
Gonzalo Quintanilla to second
Batting: LHB Warren King 0-0: Called Strike
0-1: Swinging Strike
0-2: Strikes out swinging
Bottom of the 5th over - 0 runs, 0 hits, 1 error, 2 left on base; Chicago 0 - Tennessee 2
TOP OF THE 6TH
Chicago Tula batting - Pitching for Tennessee Smokies : RHP Samuel Tuffley
Batting: RHB Marvin Clark 0-0: Ball
1-0: Called Strike
1-1: DOUBLE (Line Drive, 89M, EV 95.0 MPH)
Batting: RHB Xiao-yong Huang 0-0: Ball
1-0: SINGLE (Line Drive, 3D, EV 98.8 MPH)
Marvin Clark to third
Runner from 3rd tries for Home, SAFE, no throw by RF
Batting: LHB Steve Whitehead 0-0: Called Strike
0-1: Foul Ball, location: 2F
0-2: Ball
1-2: Ball
2-2: Foul Ball, location: 2F
2-2: Ball
3-2: Foul Ball, location: 2F
3-2: Fly out, F7 (Line Drive, 7D, EV 100.0 MPH)
Pitching: RHP Perry MacAldonich
Batting: LHB Jarred Williamson 0-0: Called Strike
0-1: Called Strike
0-2: Ball
1-2: Strikes out looking
Batting: RHB Omar Krutsinger 0-0: Ball
1-0: Called Strike
Xiao-yong Huang steals 2nd base
1-1: SINGLE (Groundball, 4MD, EV 106.9 MPH)
Xiao-yong Huang to third
Runner from 3rd tries for Home, SAFE, no throw by CF
Batting: LHB William Anderson 0-0: Ball
Passed Ball!
Omar Krutsinger to second
1-0: Intentional Walk
Batting: RHB Eddie Hickford 0-0: Ball
1-0: Called Strike
1-1: Foul Ball, location: 2F
1-2: Ball
2-2: Foul Ball, location: 2F
2-2: Foul Ball, location: 2F
2-2: Strikes out swinging
Top of the 6th over - 2 runs, 3 hits, 0 errors, 2 left on base; Chicago 2 - Tennessee 2
BOTTOM OF THE 6TH
Tennessee Smokies batting - Pitching for Chicago Tula : RHP Javier Ariza
Batting: SHB Mo Meaker 0-0: Called Strike
0-1: Called Strike
0-2: Foul Ball, location: 2F
0-2: Ball
1-2: Ground out 5-3 (Groundball, 56, EV 96.9 MPH)
Batting: SHB Jorge Indiano 0-0: Fly out, F7 (Flyball, 7S, EV 91.9 MPH)
Batting: LHB Carel van Putten 0-0: Ball
1-0: Fly out, F8 (Flyball, 89D, EV 96.2 MPH)
Bottom of the 6th over - 0 runs, 0 hits, 0 errors, 0 left on base; Chicago 2 - Tennessee 2
TOP OF THE 7TH
Chicago Tula batting - Pitching for Tennessee Smokies : RHP Perry MacAldonich
Batting: RHB Tolenka Kafengauz 0-0: Fly out, F7 (Line Drive, 7D, EV 86.9 MPH)
Batting: RHB Jaypee Layug 0-0: Called Strike
0-1: Foul Ball, location: 2F
0-2: Fly out, F7 (Flyball, 7LM, EV 83.8 MPH)
Batting: RHB Marvin Clark 0-0: Ball
1-0: Called Strike
1-1: Ball
2-1: Fly out, F8 (Flyball, 8RD, EV 83.1 MPH)
Top of the 7th over - 0 runs, 0 hits, 0 errors, 0 left on base; Chicago 2 - Tennessee 2
BOTTOM OF THE 7TH
Tennessee Smokies batting - Pitching for Chicago Tula : RHP Javier Ariza
Batting: RHB Joel Iyiegbuniwe 0-0: Fly out, F8 (Line Drive, 8LD, EV 93.8 MPH)
Batting: LHB Dan James 0-0: Called Strike
0-1: Ball
1-1: Ground out 6-3 (Groundball, 6, EV 88.1 MPH)
Batting: RHB Bernardo Rodríguez 0-0: Ball
1-0: Called Strike
1-1: Ground out 6-3 (Groundball, 6, EV 100.6 MPH)
Bottom of the 7th over - 0 runs, 0 hits, 0 errors, 0 left on base; Chicago 2 - Tennessee 2
TOP OF THE 8TH
Chicago Tula batting - Pitching for Tennessee Smokies : RHP Perry MacAldonich
Batting: RHB Xiao-yong Huang 0-0: Foul Ball, location: 2F
0-1: Ball
1-1: Ball
2-1: Swinging Strike
2-2: Foul Ball, location: 2F
2-2: Strikes out swinging
Batting: LHB Steve Whitehead 0-0: Called Strike
0-1: Foul Ball, location: 2F
0-2: Ball
1-2: Ground out 6-3 (Groundball, 6, EV 101.9 MPH)
Batting: LHB Jarred Williamson 0-0: Ball
1-0: Called Strike
1-1: Called Strike
1-2: Ball
2-2: Strikes out swinging
Top of the 8th over - 0 runs, 0 hits, 0 errors, 0 left on base; Chicago 2 - Tennessee 2
BOTTOM OF THE 8TH
Tennessee Smokies batting - Pitching for Chicago Tula : RHP Javier Ariza
Batting: RHB Gonzalo Quintanilla 0-0: SINGLE (Groundball, 34D, EV 97.5 MPH)
Batting: RHB Miguel Silva 0-0: Bunted foul
0-1: Bunted foul
0-2: Ball
1-2: Foul Ball, location: 2F
1-2: Ball
Wild Pitch!
Gonzalo Quintanilla to second
2-2: Strikes out swinging
Batting: LHB Warren King 0-0: Called Strike
0-1: Ball
1-1: Foul Ball, location: 2F
1-2: Foul Ball, location: 2F
1-2: DOUBLE (Line Drive, 7LM, EV 106.2 MPH)
Gonzalo Quintanilla scores
Batting: SHB Mo Meaker 0-0: Called Strike
0-1: Fly out, F7 (Flyball, 78S, EV 88.8 MPH)
Batting: SHB Jorge Indiano 0-0: Ball
1-0: SINGLE (Groundball, 6D, EV 97.5 MPH)
Warren King to third
Runner from 3rd tries for Home, SAFE, throw by CF to home
Batting: LHB Carel van Putten 0-0: Foul Ball, location: 2F
0-1: Called Strike
0-2: Ball
1-2: Ball
Passed Ball!
Jorge Indiano to second
2-2: Ground out U3 (Groundball, 3, EV 83.1 MPH)
Bottom of the 8th over - 2 runs, 3 hits, 0 errors, 1 left on base; Chicago 2 - Tennessee 4
TOP OF THE 9TH
Chicago Tula batting - Pitching for Tennessee Smokies : RHP Perry MacAldonich
Pitching: LHP Joe Gram
Batting: RHB Omar Krutsinger 0-0: Foul Ball, location: 2F
0-1: Ball
1-1: Ball
2-1: Swinging Strike
2-2: Foul Ball, location: 2F
2-2: SINGLE (Line Drive, 4D, EV 98.1 MPH)
Batting: LHB William Anderson 0-0: Ball
1-0: Fielders Choice at 2nd, 6-4 (Groundball, 6, EV 87.5 MPH)
Batting: RHB Eddie Hickford 0-0: Ball
1-0: Called Strike
1-1: Foul Ball, location: 2F
1-2: Fielders Choice at 2nd, 3-6 (Groundball, 34, EV 100.0 MPH)
Batting: RHB Tolenka Kafengauz 0-0: Ball
1-0: Foul Ball, location: 2F
1-1: Ball
2-1: Ball
3-1: Foul Ball, location: 2F
3-2: Foul Ball, location: 2F
3-2: Base on Balls
Eddie Hickford to second
Pinch Hitting: RHB Bill Cobb 0-0: Called Strike
0-1: Ball
1-1: Called Strike
1-2: Ball
2-2: Strikes out swinging
Top of the 9th over - 0 runs, 1 hit, 0 errors, 2 left on base; Chicago 2 - Tennessee 4
Thursday, January 23rd, 2020 - OOTP Baseball 20.8 Build 74